 Dungeon Crawl Stone Soup version 0.20.1-1-g8b1a95d (console) character file.

144 hilaritas the Shield-Bearer (level 5, 0/36 HPs)
             Began as an Octopode Fighter on Jan 21, 2018.
             Slain by a gnoll
             ... wielding a +0 halberd
              (8 damage)
             ... on level 2 of the Dungeon.
             The game lasted 00:04:42 (1965 turns).

hilaritas the Shield-Bearer (Octopode Fighter)      Turns: 1965, Time: 00:04:42

Health: 0/36       AC:  1    Str: 20    XL:     5   Next: 27%
Magic:  5/5        EV: 11    Int: 11    God:
Gold:   54         SH:  0    Dex: 11    Spells: 4/4 levels left

rFire    . . .     SeeInvis .   a - +0 long sword
rCold    . . .     Gourm    .   b - +1 shield
rNeg     . . .     Faith    .   (helmet restricted)
rPois    .         Spirit   .   (no amulet)
rElec    .         Reflect  .   l - +4 ring of strength
rCorr    .         Harm     .   (no ring)
MR       .....                  (no ring)
Stlth    ++........             (no ring)
Regen    0.2/turn               (no ring)
MPRegen  0.1/turn               (no ring)
                                (no ring)
                                (no ring)

@: confused
A: almost no armour, stealthy swim, amphibious, 8 rings, constrict 8, camouflage
1, gelatinous body 1
a: no special abilities


You were on level 2 of the Dungeon.
You were not hungry.

You visited 1 branch of the dungeon, and saw 2 of its levels.

You collected 54 gold pieces.

Inventory:

Hand Weapons
 a - a +0 long sword (weapon)
 k - a +0 dagger
Missiles
 j - 35 arrows
Armour
 b - a +1 shield (worn)
Jewellery
 l - a +4 ring of strength (left tentacle)
Scrolls
 e - a scroll of remove curse
Potions
 c - a potion of might
 i - 2 potions of curing
Comestibles
 d - 2 bread rations
 f - 3 meat rations
 h - a chunk of flesh


   Skills:
 + Level 3.6 Fighting
 * Level 3.6 Long Blades
 - Level 3.0 Dodging
 + Level 3.3 Stealth
 + Level 3.6 Shields


You had 4 spell levels left.
You didn't know any spells.

Dungeon Overview and Level Annotations

Branches:
Dungeon (2/15)

Altars:

Annotations:
D:2 1 runed door


Innate Abilities, Weirdness & Mutations

You cannot wear most types of armour.
You are very stealthy in the water. (Stealth+)
You are amphibious.
You can wear up to eight rings at the same time.
You can use your tentacles to constrict eight enemies at once.
Your skin changes colour to match your surroundings (Stealth+).
Your rubbery body absorbs attacks. (AC +1, EV +1)


Message History

You slash the gnoll!
The gnoll is heavily wounded.
You constrict the gnoll. You block the gnoll's attack. x2
The gnoll hits you from afar with a spear!
You barely miss the gnoll. You squeeze the gnoll.
The gnoll is almost dead.
You constrict the gnoll.
You kill the gnoll!
The gnoll hits you from afar with a spear!
You block the gnoll's attack.
The gnoll hits you from afar with a halberd.
You see here a spear.
You barely miss the gnoll. Your grab misses the gnoll. The gnoll misses you.
You block the gnoll's attack.
You barely miss the gnoll. You grab the gnoll. You constrict the gnoll.
The gnoll hits you with a spear. You block the gnoll's attack.
You are confused.
You feel invigorated.
You constrict the gnoll. The gnoll hits you with a spear.
The gnoll hits you from afar with a halberd!
You die...

.####.#.#####...#### #.###.....<
...................# #.# #.###..
..........###..<##.# #.###.# #.#
.####.##.......###.# #.....# #.#
<# #.##.####### #.# #.#.#.###.#
.# #.##....# #.####.#.#.##...
.####.##....### #......#........
......#.......# ##########.##...
..............# *,.........###.#
####..#.......####.##########*#.#
# #.>###.......@gg.....,,,,,,..#
####..* #...##.#########*****####
.....,* ######.# >...,** *#.#*
####,********...**
#,,,,,,,,,,,,..#,*
..#*,*******#.#.** ###*,* ##,#*
,,,,,* *** #*****


You could see 2 gnolls.

Vanquished Creatures
  Terence (D:2)
  5 gnolls (D:2)
  3 worms (D:2)
  6 leopard geckos
  A ball python (D:1)
  8 bats
  5 goblins
  8 hobgoblins
  2 jackals (D:2)
  A quokka (D:2)
  7 frilled lizards (D:1)
  4 kobolds
  9 rats
60 creatures vanquished.

Notes
Turn   | Place    | Note
-------+----------+-------------------------------------------
     0 | D:1      | hilaritas the Octopode Fighter began the quest for the Orb.
     0 | D:1      | Reached XP level 1. HP: 16/16 MP: 1/1
    69 | D:1      | Reached skill level 1 in Stealth
    69 | D:1      | Reached XP level 2. HP: 21/21 MP: 2/2
   340 | D:1      | Reached XP level 3. HP: 26/26 MP: 3/3
  1173 | D:2      | Noticed Terence
  1183 | D:2      | Killed Terence
  1183 | D:2      | Reached XP level 4. HP: 24/31 MP: 4/4
  1620 | D:2      | Found a runed door.
  1694 | D:2      | Reached XP level 5. HP: 36/36 MP: 5/5
  1965 | D:2      | Slain by a gnoll

Skill      XL: |  1  2  3  4  5 |
---------------+----------------+-----
Stealth        | 1 2 3 |  3.3
Long Blades    | 3 |  3.6
Fighting       | |  3.6
Dodging        | |  3.0
Shields        | |  3.6

Action                   |  1- 3 |  4- 6 || total
-------------------------+-------+-------++-------
Melee: Long sword        |    63 |    45 ||   108
       Constrict         |    13 |    13 ||    26
       Tentacles         |    11 |    10 ||    21
  Use: Scroll            |     4 |     4 ||     8
       Potion            |       |     1 ||     1
 Stab: Sleeping          |     4 |     3 ||     7
       Distracted        |     1 |       ||     1
  Eat: Chunk             |     1 |     2 ||     3
Armor: Skin              |     9 |     1 ||    10
Dodge: Dodged            |    22 |    16 ||    38
Block: Shield            |    26 |    21 ||    47
       Rpst.: Long sword |     9 |    10 ||    19
